 Dungeon Crawl Stone Soup version 0.22.0-25-g7663229ff0 (webtiles) character file.

96 LLavrengius the Vandal (level 4, -4/29 HPs)
             Began as a Halfling Arcane Marksman on Aug 20, 2018.
             Killed by divine providence
             ... invoked by an orc priest
              (14 damage)
             ... on level 2 of the Dungeon.
             The game lasted 00:09:00 (1725 turns).

LLavrengius the Vandal (Halfling Arcane Marksman)   Turns: 1725, Time: 00:09:00

Health: -4/29      AC:  7    Str: 12    XL:     4   Next: 98%
Magic:  5/5        EV: 11    Int: 11    God:
Gold:   156        SH:  0    Dex: 14    Spells: 4/5 levels left

rFire    . . .     SeeInvis .   v - +1 dagger (speed)
rCold    . . .     Gourm    .   (shield restricted)
rNeg     . . .     Faith    .   q - +0 scale mail
rPois    .         Spirit   .   (no helmet)
rElec    .         Reflect  .   (no cloak)
rCorr    .         Harm     .   t - +0 pair of gloves
MR       .....                  (no boots)
Stlth    ..........             (no amulet)
HPRegen  0.09/turn              (no ring)
MPRegen  0.09/turn              (no ring)

@: heavily drained
A: small, mutation resistance 1
a: no special abilities


You were on level 2 of the Dungeon.
You were not hungry.

You visited 1 branch of the dungeon, and saw 2 of its levels.

You collected 156 gold pieces.

Inventory:

Hand Weapons
 a - a +0 hunting sling
 o - a +0 morningstar
 v - a +1 dagger of speed (weapon)
Missiles
 j - 28 bolts
Armour
 e - a +0 robe
 q - a +0 scale mail (worn)
 t - a +0 pair of gloves (worn)
Scrolls
 h - a scroll of remove curse {unknown}
 k - 2 scrolls of teleportation {unknown}
 n - 3 scrolls of identify {unknown}
 p - 2 scrolls of blinking {unknown}
 s - a scroll of fear {unknown}
Potions
 b - a potion of degeneration {unknown}
 c - 2 potions of haste {unknown}
 g - 2 potions of curing {unknown}
 l - a potion of cancellation {unknown}
 m - a potion of invisibility {unknown}
Comestibles
 f - a ration
 r - 7 chunks of flesh


   Skills:
 + Level 2.0(0.6) Fighting
 * Level 5.2(3.6) Slings
 - Level 3.0(1.5) Dodging
 - Level 1.0(0.0) Spellcasting
 - Level 2.6(1.2) Hexes


You had 4 spell levels left.
You knew the following spells:

 Your Spells              Type           Power        Failure   Level  Hunger
a - Corona                Hex            #......      77%         1    ##.....

Your spell library contained the following spells:

 Spells                   Type           Power        Failure   Level  Hunger
 Slow                     Hex            #.......     88%         2    ###....
 Inner Flame              Hex/Fire       #.......     99%         3    ####...
 Portal Projectile        Hex/Tloc       #.....       99%         3    ####...
 Cause Fear               Hex            #.........   100%        4    #####..
 Leda's Liquefaction      Hex/Erth       #.........   100%        4    #####..


Dungeon Overview and Level Annotations

Branches:
Dungeon (2/15)

Altars:


Innate Abilities, Weirdness & Mutations

You are small and have problems with some larger weapons.
You are somewhat resistant to further mutation.


Message History

The orc is almost dead.
The orc closely misses you.
You hit the orc.
You kill the orc!
The orc priest hits you but does no damage.
Items here: ( )) [[ ††† You hit the orc priest but do no damage.
The orc priest invokes the aid of Beogh against you.
Beogh smites you!
You hit the orc priest.
The orc priest is moderately wounded.
The orc priest mumbles some strange prayers to Beogh against you.
Beogh smites you!
You closely miss the orc priest.
The orc priest is moderately wounded.
You hit the orc priest.
The orc priest is moderately wounded.
The orc priest calls down the wrath of Beogh upon you.
Beogh smites you!
You die...

#.# .. #.# ... # #.# #
...###### ########.# #.###
......(#####........ #.##.
..........#........ #....
#.......#....## #.#..
#.......#.....# #.##.
#(((((o@#.....######.##.
.....(#######...........#.###
..... #...........#.# # ....
#...........#.# ...
#...........#.# ..
########.####.# .
#######..###.# #..........#.#
#..........#.#


You could see an orc priest.

Vanquished Creatures
  Terence (D:2)
  An ooze (D:1)
  2 worms (D:2)
  3 dart slugs
  5 orcs (D:2)
  2 giant cockroaches (D:2)
  14 hobgoblins
  4 kobolds (D:1)
  2 bats
  6 goblins
  5 rats
45 creatures vanquished.

Notes
Turn   | Place    | Note
-------+----------+-------------------------------------------
     0 | D:1      | LLavrengius the Halfling Arcane Marksman began the quest for the Orb.
     0 | D:1      | Reached XP level 1. HP: 12/12 MP: 2/2
     7 | D:1      | Reached skill level 1 in Fighting
    43 | D:1      | Reached XP level 2. HP: 14/18 MP: 3/3
   428 | D:1      | Reached XP level 3. HP: 23/23 MP: 4/4
   558 | D:1      | Reached skill level 4 in Slings
   879 | D:2      | Noticed Terence
   892 | D:2      | Killed Terence
   892 | D:2      | Reached XP level 4. HP: 18/29 MP: 5/5
  1643 | D:2      | Reached skill level 5 in Slings
  1725 | D:2      | Killed from afar by an orc priest

Skill      XL: |  1  2  3  4 |
---------------+-------------+-----
Fighting       | 1 2 |  2.0
Slings         | 4 5 |  5.2
Dodging        | 3 |  3.0
Spellcasting   | |  1.0
Hexes          | |  2.6

Action                   |  1- 3 |  4- 6 || total
-------------------------+-------+-------++-------
Melee: Dagger            |       |     6 ||     6
 Fire: Hunting sling     |    77 |    79 ||   156
  Eat: Chunk             |       |     2 ||     2
Armor: Scale mail        |       |     8 ||     8
Dodge: Dodged            |    18 |    20 ||    38
